 Dungeon Crawl Stone Soup version 0.31.0-12-g77e489cdc1 (webtiles) character file.

Game seed: 3918294247399750177

99 Doomgape the Trooper (level 4, 0/30 HPs)
             Began as a Gargoyle Fighter on Feb 24, 2024.
             Slain by an orc
             ... wielding a +0 trident of venom
              (3 damage)
             ... on level 3 of the Dungeon.
             The game lasted 00:03:28 (1429 turns).

Doomgape the Trooper (Gargoyle Fighter)             Turns: 1429, Time: 00:03:28

Health: 0/30       AC: 13    Str: 21    XL:     4   Next: 72%
Magic:  4/4        EV:  8    Int:  9    God:
Gold:   62         SH:  4    Dex:  9    Spells: 3/3 levels left

rFire   . . .        a - +0 flail
rCold   . . .        c - +0 buckler
rNeg    + . .        i - +0 chain mail
rPois   ∞            (no helmet)
rElec   +            (no cloak)
rCorr   .            (no gloves)
SInv    .            (no boots)
Will    .....        (no amulet) Stlth
                     (no ring)
HPRegen 0.25/turn    (no ring)
MPRegen 0.09/turn

%: no passive effects
@: mighty, brilliant
A: sickness immunity, AC +3, negative energy resistance 1, electricity
resistance, torment resistance 1, petrification resistance
a: no special abilities


You were on level 3 of the Dungeon.
You visited 1 branch of the dungeon, and saw 3 of its levels.

You collected 62 gold pieces.

Inventory:

Hand Weapons
 a - a +0 flail (weapon)
Armour
 c - a +0 buckler (worn)
 i - a +0 chain mail (worn)
Jewellery
 b - the ring "Lecaato" {rN+ Str+3 Dex+2 SInv}
   (You took it off a kobold on level 2 of the Dungeon)

   [ring of positive energy]

   Str+3:     It affects your strength (+3).
   Dex+2:     It affects your dexterity (+2).
   rN+:       It protects you from negative energy.
   SInv:      It lets you see invisible.
Scrolls
 f - a scroll of poison
 g - a scroll of enchant weapon {unknown}
 h - a scroll of vulnerability {unknown}
 j - a scroll of immolation {unknown}
 k - a scroll of torment {unknown}
 l - a scroll of blinking {unknown}
Potions
 e - a potion of haste
 m - a potion of brilliance


   Skills:
 + Level 4.3 Fighting
 + Level 3.1 Maces & Flails
 + Level 4.2 Armour
 - Level 3.2 Shields


You had 3 spell levels left.
You didn't know any spells.
Your spell library contained the following spells:

 Spells                   Type           Power      Damage    Failure   Level
 Blink                    Tloc           0%         N/A       99%         2
 Lesser Beckoning         Tloc           0%         N/A       99%         2
 Momentum Strike          Conj/Tloc      0%         3d8       99%         2


Dungeon Overview and Level Annotations

Branches:
Dungeon (3/15)

Altars:


Innate Abilities, Weirdness & Mutations

You are immune to sickness and miasma.
Your stone body is resilient. (AC +3)
You are immune to poison.
You resist negative energy. (rN+)
You are resistant to electric shocks. (rElec)
You are resistant to unholy torment.
You are immune to petrification.


Message History

You barely miss the frilled lizard. The orc hits you but does no damage. x2
The frilled lizard bites you but does no damage.
The orc hits you but does no damage.
Unknown command.
You barely miss the frilled lizard. You block the orc's attack.
The orc barely misses you.
The frilled lizard bites you but does no damage.
The orc closely misses you. The orc completely misses you.
Unknown command.
You barely miss the frilled lizard.
The orc hits you from afar with a +0 trident of venom.
* * * LOW HITPOINT WARNING * * *
You block the orc's attack. The frilled lizard closely misses you.
The orc hits you but does no damage. x2; The frilled lizard closely misses you.
You block the orc's attack.
Unknown command.
You completely miss the frilled lizard. The orc closely misses you.
The orc hits you but does no damage.
The frilled lizard bites you but does no damage.
The orc hits you with a +0 dagger.
* * * LOW HITPOINT WARNING * * *
Unknown command.
You barely miss the frilled lizard. You block the orc's attack.
The orc barely misses you. The frilled lizard barely misses you.
The orc hits you but does no damage.
Unknown command.
You completely miss the frilled lizard. The orc hits you with a +0 club.
* * * LOW HITPOINT WARNING * * *
The orc hits you but does no damage. You block the orc's attack.
The frilled lizard closely misses you. The orc closely misses you.
The frilled lizard misses you. The orc closely misses you.
The orc hits you but does no damage.
You closely miss the frilled lizard. You block the orc's attack.
The orc hits you but does no damage.
The frilled lizard bites you but does no damage.
The orc closely misses you.
Unknown command.
You closely miss the frilled lizard. The orc hits you but does no damage.
The orc hits you from afar with a +0 trident of venom.
You die...

.......####...#
##.###.# ##.## #.#
#.# #.# #.###.#####.#
#...........######.##
#.###.#####.........#
##.# #.#
#.######..### ...#
#.# #.#.oo.....<.
...# #...)@l...# #..#
###o#####.# #..# #.#
#..# #o# ....


#ro #.### #K# #.# ... #.# ... .. You could see 3 orcs and a frilled lizard.

Vanquished Creatures
  An orc wizard (D:3)
  An adder (D:2)
  A ribbon worm (D:3)
  5 bats
  5 endoplasms
  3 giant cockroaches
  3 goblins
  7 hobgoblins
  3 jackals (D:2)
  5 kobolds
  6 quokkas
  4 ball pythons
  2 frilled lizards (D:2)
  8 rats
54 creatures vanquished.

Notes
Turn   | Place    | Note
-------+----------+-------------------------------------------
     0 | D:1      | Doomgape the Gargoyle Fighter began the quest for the Orb.
     0 | D:1      | Reached XP level 1. HP: 14/14 MP: 1/1
    96 | D:1      | Reached XP level 2. HP: 19/19 MP: 2/2
   257 | D:1      | Found a faded altar of an unknown god.
   409 | D:1      | Reached XP level 3. HP: 24/24 MP: 3/3
   897 | D:2      | Identified the ring "Lecaato" {rN+ Str+3 Dex+2 SInv}
   982 | D:2      | Reached XP level 4. HP: 29/29 MP: 4/4
  1429 | D:3      | Slain by an orc

Illustrated notes

Levels and vault maps discovered:
D:1:      erik_arrival_cave_to_civilisation [erik_arrival_cave_to_hall],
          layout_rooms, shapermc_ecumenical_altar_flowoftime,
          chequers_serial_rivers_marsh
D:2:      layout_rooms, nrook_campfire, kennysheep_generic_room_11
D:3:      layout_loops_ring, mainiacjoe_overflow_small_starburst

Skill      XL: |  1  2  3  4 |
---------------+-------------+-----
Fighting       | 4 |  4.3
Armour         | 4 |  4.2
Maces & Flails | 3 |  3.1
Shields        | |  3.2

Action                     |  1- 3 |  4- 6 || total
---------------------------+-------+-------++-------
  Melee: Flail             |   137 |    83 ||   220
    Use: Scroll            |     2 |       ||     2
         Potion            |       |     3 ||     3
 Armour: Scale mail        |    67 |       ||    67
         Chain mail        |    54 |   131 ||   185
  Dodge: Dodged            |    86 |    59 ||   145
  Block: Buckler           |    39 |    28 ||    67
